[Event "Jiraskuv memorial A"]
[Site "Rakovnik"]
[Date "2011.08.12"]
[Round "8"]
[White "Bauer, Pavel"]
[Black "Trnka, Miroslav"]
[Result "0-1"]
[ECO "B07"]
[WhiteElo "1876"]
[BlackElo "2012"]
[PlyCount "68"]
[EventDate "2011.08.??"]
[EventType "swiss"]
[EventRounds "9"]
[EventCountry "CZE"]
[TimeControl "40/7200:20/3600:1800"]

{16MB, Fritz8.ctg, SACHY-67D9C7985} 1. e4 g6 2. d4 Bg7 3. Be3 d6 4. Nc3 Nf6 5.
f3 c6 6. Qd2 Qa5 7. Nge2 b5 8. Ng3 O-O 9. h4 h5 10. a3 Bb7 11. O-O-O Nbd7 12.
Bh6 b4 13. axb4 Qxb4 14. Bxg7 Kxg7 15. Nce2 Qxd2+ 16. Kxd2 Rfb8 17. Nc3 Bc8 18.
b3 c5 19. d5 Rb6 20. Bd3 Ne5 21. Be2 e6 22. Ke3 exd5 23. Nxd5 Nxd5+ 24. Rxd5
Be6 25. Rdd1 c4 26. bxc4 Nxc4+ 27. Kf2 a5 28. Bxc4 Bxc4 29. Rd4 Rc6 30. Rhd1 a4
31. Rxd6 Rxd6 32. Rxd6 a3 33. Rd1 a2 34. Ra1 Rb8 0-1

[Event "Jiraskuv memorial A"]
[Site "Rakovnik"]
[Date "2011.08.12"]
[Round "8"]
[White "Hlavac, Rudolf"]
[Black "Hinz, Frantisek"]
[Result "1/2-1/2"]
[ECO "B53"]
[WhiteElo "2064"]
[BlackElo "2015"]
[PlyCount "77"]
[EventDate "2011.08.??"]
[EventType "swiss"]
[EventRounds "9"]
[EventCountry "CZE"]
[TimeControl "40/7200:20/3600:1800"]

{16MB, Fritz8.ctg, SACHY-67D9C7985} 1. e4 c5 2. Nf3 d6 3. d4 cxd4 4. Qxd4 Qc7
5. c4 Nf6 6. Nc3 e6 7. b3 Be7 8. Bb2 a6 9. Be2 O-O 10. O-O b6 11. Rfe1 Bb7 12.
Bd3 Nbd7 13. Rad1 Ne5 14. Qe3 Rac8 15. h3 Nfd7 16. Bb1 Bf6 17. Nd4 Rfd8 18. Kh1
Nc6 19. Nde2 Qb8 20. Rd2 Ne7 21. Red1 d5 22. exd5 exd5 23. Nxd5 Nxd5 24. cxd5
Bxb2 25. Rxb2 Nf6 26. Nf4 Re8 27. Qd4 Qd6 28. Rbd2 Re5 29. b4 Rce8 30. Kh2 g5
31. g3 gxf4 32. Qxf4 Rd8 33. a3 Rxd5 34. Rxd5 Bxd5 35. Qg5+ Kf8 36. Ba2 Qe6 37.
Bxd5 Rxd5 38. Rxd5 Nxd5 39. Qd8+ 1/2-1/2

[Event "Jiraskuv memorial A"]
[Site "Rakovnik"]
[Date "2011.08.12"]
[Round "8"]
[White "Sibl, Vaclav"]
[Black "Kovar, Jan"]
[Result "0-1"]
[ECO "D02"]
[WhiteElo "1975"]
[BlackElo "2002"]
[PlyCount "78"]
[EventDate "2011.08.??"]
[EventType "swiss"]
[EventRounds "9"]
[EventCountry "CZE"]
[TimeControl "40/7200:20/3600:1800"]

{16MB, Fritz8.ctg, SACHY-67D9C7985} 1. d4 Nf6 2. Bf4 g6 3. e3 Bg7 4. Nf3 d5 5.
Nbd2 O-O 6. c3 Nbd7 7. Be2 c6 8. h3 Re8 9. Ne5 Nxe5 10. Bxe5 Nd7 11. Bxg7 Kxg7
12. Nf3 f6 13. O-O e5 14. c4 e4 15. Nd2 Nb6 16. Re1 f5 17. Bf1 Qg5 18. Kh2 f4
19. c5 fxe3 20. fxe3 Nd7 21. Qb3 Rf8 22. Re2 h5 23. g3 Nf6 24. Rg2 Rf7 25. Be2
Qf5 26. g4 hxg4 27. hxg4 Qg5 28. Rf1 Be6 29. Kg1 Rh8 30. Rf4 Rh3 31. Nf1 Qh4
32. Nh2 g5 33. Rff2 Kg6 34. Qc3 Rh7 35. Qd2 Rg3 36. Kf1 Nxg4 37. Bxg4 Bxg4 38.
Rxg3 Qxg3 39. Ke1 Rxh2 0-1

[Event "Jiraskuv memorial A"]
[Site "Rakovnik"]
[Date "2011.08.12"]
[Round "8"]
[White "Haman, Jakub"]
[Black "Zboril, Jaroslav"]
[Result "1/2-1/2"]
[ECO "B07"]
[WhiteElo "2146"]
[BlackElo "1989"]
[PlyCount "123"]
[EventDate "2011.08.??"]
[EventType "swiss"]
[EventRounds "9"]
[EventCountry "CZE"]
[TimeControl "40/7200:20/3600:1800"]

{16MB, Fritz8.ctg, SACHY-67D9C7985} 1. e4 d6 2. d4 Nf6 3. Nc3 e5 4. Nge2 Nbd7
5. g3 g6 6. Bg2 Bg7 7. d5 O-O 8. O-O a5 9. h3 Nc5 10. Be3 b6 11. Re1 Ne8 12. f4
f5 13. exf5 Bxf5 14. Kh2 Rb8 15. fxe5 Bxe5 16. Bd4 Nf6 17. Bxe5 dxe5 18. Ng1 e4
19. Qd4 h5 20. Rad1 h4 21. Nge2 hxg3+ 22. Nxg3 Qd6 23. Re3 Rbd8 24. Kh1 c6 25.
Ncxe4 Ncxe4 26. Nxe4 Nxe4 27. Bxe4 Bxe4+ 28. Qxe4 Rf2 29. Qe6+ Qxe6 30. Rxe6
Rxd5 31. Rxd5 cxd5 32. Rxg6+ Kf7 33. Rg2 Rf1+ 34. Kh2 b5 35. Kg3 Kg6 36. Rd2
Rb1 37. b3 Rb2 38. a3 a4 39. b4 Ra2 40. Rxd5 Rxa3+ 41. Kf4 Rc3 42. Rxb5 Rxc2
43. Ke4 a3 44. Kd5 Kf6 45. Ra5 a2 46. Ra7 Rd2+ 47. Kc6 Ke6 48. Ra3 Rc2+ 49. Kb6
Kd7 50. b5 Kc8 51. Ra8+ Kd7 52. h4 Rf2 53. h5 Rh2 54. Ra3 Kc8 55. Ra8+ Kd7 56.
h6 Rxh6+ 57. Kb7 Rh2 58. b6 Rb2 59. Ra6 Kd6 60. Ka8 a1=Q 61. Rxa1 Rxb6 62. Rd1+
1/2-1/2

[Event "Jiraskuv memorial A"]
[Site "Rakovnik"]
[Date "2011.08.12"]
[Round "8"]
[White "Slanec, Jan"]
[Black "Gaj, Milos"]
[Result "0-1"]
[ECO "B20"]
[WhiteElo "1913"]
[BlackElo "1973"]
[PlyCount "168"]
[EventDate "2011.08.??"]
[EventType "swiss"]
[EventRounds "9"]
[EventCountry "CZE"]
[TimeControl "40/7200:20/3600:1800"]

{16MB, Fritz8.ctg, SACHY-67D9C7985} 1. e4 c5 2. b4 cxb4 3. a3 Nf6 4. e5 Nd5 5.
axb4 Nxb4 6. c3 N4c6 7. d4 e6 8. f4 d5 9. Nf3 Nd7 10. Bd3 a6 11. O-O Rb8 12. f5
exf5 13. Bxf5 Be7 14. e6 fxe6 15. Bxe6 Nb6 16. Bxc8 Rxc8 17. Ne5 Nxe5 18. dxe5
Nc4 19. Qg4 Rf8 20. Rxf8+ Kxf8 21. Ba3 Nxa3 22. Nxa3 Bxa3 23. Qe6 Bc5+ 24. Kh1
Be7 25. Rf1+ Ke8 26. Rf7 Rc6 27. Qf5 g6 28. Qf3 Rxc3 29. Rxe7+ Kxe7 30. Qxc3
Qb6 31. Qc1 Ke6 32. h3 Kxe5 33. Qe1+ Kd6 34. Qg3+ Kc6 35. Qh4 h5 36. Qf6+ Kc7
37. Qf7+ Kb8 38. Qxd5 Qc6 39. Qd8+ Ka7 40. Qd4+ Qb6 41. Qd3 a5 42. Kh2 a4 43.
Qc4 Qc6 44. Qb4 b6 45. Kg3 Ka6 46. Kh4 Qf6+ 47. Kg3 b5 48. h4 g5 49. hxg5 Qxg5+
50. Kf2 h4 51. Kg1 h3 52. Qd6+ Ka5 53. g3 Qf5 54. Qd1 Qe4 55. Qd2+ b4 56. Qd8+
Kb5 57. Qd7+ Qc6 58. Qxh3 Qc5+ 59. Kh2 Qf2+ 60. Kh1 Qe1+ 61. Kh2 Qd2+ 62. Kh1
b3 63. Qf5+ Kb4 64. Qf8+ Kc3 65. Qa3 Qd4 66. Qc1+ Kb4 67. g4 Qxg4 68. Qe1+ Kc4
69. Qf1+ Kc5 70. Qf8+ Kd5 71. Qa8+ Ke5 72. Qa5+ Kf6 73. Qd8+ Kg6 74. Qe8+ Kg5
75. Qd8+ Kf4 76. Qd2+ Kg3 77. Qe1+ Kh3 78. Qe3+ Kh4 79. Qh6+ Qh5 80. Qf4+ Kh3
81. Qe3+ Kg4+ 82. Kg1 Qb5 83. Qe4+ Kg5 84. Qe7+ Kf5 0-1

[Event "Jiraskuv memorial A"]
[Site "Rakovnik"]
[Date "2011.08.13"]
[Round "9"]
[White "Novak, Jindrich"]
[Black "Misicko, Jan"]
[Result "0-1"]
[ECO "B22"]
[WhiteElo "2059"]
[BlackElo "2042"]
[PlyCount "88"]
[EventDate "2011.08.??"]
[EventType "swiss"]
[EventRounds "9"]
[EventCountry "CZE"]
[TimeControl "180"]

{24MB, Fritz8.ctg, sach1} 1. e4 c5 2. c3 Nf6 3. d3 Nc6 4. Nf3 d6 5. Be2 g6 6.
Bg5 Bg7 7. h4 h6 8. Be3 Qb6 9. Qc2 Bd7 10. Nbd2 Rc8 11. Nc4 Qc7 12. Bf4 e5 13.
Bh2 O-O 14. O-O Ng4 15. Bg3 f5 16. Nh2 Nxh2 17. Bxh2 f4 18. h5 Rf6 19. Qd1 Rcf8
20. Bg4 Qc8 21. Bxd7 Qxd7 22. Qf3 g5 23. Qd1 g4 24. Qb3 Kh8 25. g3 Qf7 26. Nd2
Qxh5 27. Qc2 Qh3 28. gxf4 exf4 29. Bxf4 Rxf4 30. Nc4 g3 31. f3 Nd4 32. Qg2
Nxf3+ 33. Rxf3 Qxg2+ 34. Kxg2 Rxf3 35. Rd1 Be5 36. d4 cxd4 37. cxd4 Rf2+ 38.
Kg1 g2 39. dxe5 Rf1+ 40. Kxg2 Rxd1 41. exd6 h5 42. Na3 Rxd6 43. Nc4 Rg6+ 44.
Kh3 Rf1 0-1

[Event "Jiraskuv memorial A"]
[Site "Rakovnik"]
[Date "2011.08.13"]
[Round "9"]
[White "Hruska, Jan"]
[Black "Vlacil, Vladimir"]
[Result "1-0"]
[ECO "A36"]
[WhiteElo "2048"]
[BlackElo "2015"]
[PlyCount "79"]
[EventDate "2011.08.??"]
[EventType "swiss"]
[EventRounds "9"]
[EventCountry "CZE"]
[TimeControl "180"]

{24MB, Fritz8.ctg, sach1} 1. c4 c5 2. Nc3 Nc6 3. g3 g6 4. Bg2 Bg7 5. d3 Nf6 6.
e4 d6 7. Nge2 Rb8 8. O-O a6 9. a4 Bd7 10. Rb1 Qc8 11. d4 cxd4 12. Nxd4 Nxd4 13.
Qxd4 Nh5 14. Qd3 Bh3 15. Nd5 Bxg2 16. Kxg2 Nf6 17. Nxf6+ Bxf6 18. Be3 O-O 19.
b4 b6 20. b5 a5 21. f4 Qe6 22. Rf2 Rfc8 23. Rc2 Bg7 24. f5 Qe5 25. Rbc1 e6 26.
Bf4 Qd4 27. Qxd4 Bxd4 28. fxe6 fxe6 29. Bxd6 Rb7 30. e5 Bc5 31. Re1 Rd7 32. Rd1
Rcd8 33. Rcd2 Kf7 34. Rf1+ Kg8 35. Rfd1 Kf7 36. Kf3 Ke8 37. Ke4 Kf7 38. Rd3 Rc8
39. Rf1+ Kg7 40. Bf8+ 1-0

[Event "Jiraskuv memorial A"]
[Site "Rakovnik"]
[Date "2011.08.13"]
[Round "9"]
[White "Volek, Radomir"]
[Black "Gaj, Milos"]
[Result "0-1"]
[ECO "B96"]
[WhiteElo "2084"]
[BlackElo "1973"]
[PlyCount "62"]
[EventDate "2011.08.??"]
[EventType "swiss"]
[EventRounds "9"]
[EventCountry "CZE"]
[TimeControl "180"]

{24MB, Fritz8.ctg, sach1} 1. e4 c5 2. Nf3 d6 3. d4 cxd4 4. Nxd4 Nf6 5. Nc3 a6
6. Bg5 e6 7. f4 Nbd7 8. Be2 b5 9. Bf3 Bb7 10. e5 Bxf3 11. Nxf3 dxe5 12. fxe5 h6
13. Bh4 g5 14. Bf2 b4 15. Na4 Nd5 16. O-O Qc7 17. Rc1 Nc5 18. c4 Nf4 19. Nxc5
Bxc5 20. Qa4+ Ke7 21. Bxc5+ Qxc5+ 22. Kh1 Rhd8 23. Qc2 Nd3 24. Rb1 Qe3 25. h3
h5 26. Ng1 g4 27. Ne2 gxh3 28. Rf3 hxg2+ 29. Kxg2 Rg8+ 30. Ng3 Nf4+ 31. Rxf4
Rxg3+ 0-1

[Event "Jiraskuv memorial A"]
[Site "Rakovnik"]
[Date "2011.08.13"]
[Round "9"]
[White "Hinz, Frantisek"]
[Black "Slanec, Jan"]
[Result "1-0"]
[ECO "A10"]
[WhiteElo "2015"]
[BlackElo "1913"]
[PlyCount "51"]
[EventDate "2011.08.??"]
[EventType "swiss"]
[EventRounds "9"]
[EventCountry "CZE"]
[TimeControl "180"]

{24MB, Fritz8.ctg, sach1} 1. c4 f5 2. Nc3 d6 3. e4 g6 4. exf5 Bxf5 5. g4 Bd7 6.
d4 Bg7 7. Be3 Nh6 8. h3 Nf7 9. Qd2 c6 10. f4 e5 11. O-O-O Qc7 12. c5 exd4 13.
Bxd4 Bxd4 14. Qxd4 d5 15. Re1+ Kf8 16. Nf3 Na6 17. Ng5 h6 18. Nxf7 Kxf7 19.
Bxa6 bxa6 20. Nxd5 cxd5 21. Qxd5+ Be6 22. Qxe6+ Kg7 23. f5 Qxc5+ 24. Kb1 Rac8
25. Qxg6+ Kf8 26. Rc1 1-0

[Event "Jiraskuv memorial A"]
[Site "Rakovnik"]
[Date "2011.08.13"]
[Round "9"]
[White "Trnka, Miroslav"]
[Black "Hlavac, Rudolf"]
[Result "1-0"]
[ECO "A07"]
[WhiteElo "2012"]
[BlackElo "2064"]
[PlyCount "91"]
[EventDate "2011.08.??"]
[EventType "swiss"]
[EventRounds "9"]
[EventCountry "CZE"]
[TimeControl "180"]

{24MB, Fritz8.ctg, sach1} 1. g3 g6 2. Bg2 d5 3. d3 Bg7 4. Nf3 Nf6 5. O-O O-O 6.
c3 c5 7. Nbd2 Nc6 8. Re1 h6 9. Rb1 Be6 10. b4 cxb4 11. cxb4 d4 12. b5 Na5 13.
Bb2 Bxa2 14. Ra1 Bd5 15. Bxd4 b6 16. Qa4 Qd7 17. Ne5 Qe6 18. e4 Bb7 19. Rac1
Rac8 20. Ba1 Nd7 21. Nxd7 Qxd7 22. Bxg7 Kxg7 23. d4 Rfd8 24. d5 e6 25. Nc4 Nxc4
26. Rxc4 exd5 27. Rd4 Rc5 28. Qxa7 Rxb5 29. Qa1 Kg8 30. exd5 Re8 31. d6 Bxg2
32. Kxg2 Rbe5 33. Rxe5 Rxe5 34. Qa8+ Kh7 35. Qf3 b5 36. h3 h5 37. Rf4 Kg8 38.
Qa8+ Kg7 39. Rb4 Kh7 40. Qf3 Kg8 41. Qc3 Kh7 42. Rf4 Rd5 43. Qf3 Qxd6 44. Rxf7+
Kh6 45. Qe3+ g5 46. Qe4 1-0

[Event "Jiraskuv memorial A"]
[Site "Rakovnik"]
[Date "2011.08.13"]
[Round "9"]
[White "Klement, Lukas"]
[Black "Elias, Miroslav"]
[Result "1-0"]
[ECO "A07"]
[WhiteElo "2234"]
[BlackElo "2121"]
[PlyCount "105"]
[EventDate "2011.08.??"]
[EventType "swiss"]
[EventRounds "9"]
[EventCountry "CZE"]
[TimeControl "180"]

{24MB, Fritz8.ctg, sach1} 1. Nf3 Nf6 2. g3 g6 3. Bg2 Bg7 4. O-O d5 5. d3 O-O 6.
Nbd2 c6 7. e4 dxe4 8. dxe4 Qa5 9. c3 Qh5 10. Nd4 Qxd1 11. Rxd1 e5 12. N4b3 Rd8
13. Re1 Na6 14. Bf1 Nc7 15. f3 Ne6 16. Nc4 Ne8 17. Be3 b6 18. a4 f6 19. Rad1
Bb7 20. a5 b5 21. Na3 Bf8 22. Nc2 Nd6 23. Bf2 Be7 24. Ne3 Ba6 25. Nc1 Kf7 26.
Nd3 Nc4 27. Nxc4 bxc4 28. Nb4 Bb5 29. Rxd8 Bxd8 30. Rd1 Ke7 31. a6 Bb6 32. Nc2
Bxf2+ 33. Kxf2 Ba4 34. Rd2 Bb5 35. Na3 Bxa6 36. Bxc4 Bxc4 37. Nxc4 Rd8 38. Rxd8
Kxd8 39. Ke3 Kd7 40. f4 exf4+ 41. gxf4 g5 42. f5 Ng7 43. Kd4 h5 44. b4 h4 45.
Ne3 Ne8 46. e5 fxe5+ 47. Kxe5 Ke7 48. Ng4 Kf7 49. f6 Nc7 50. Kf5 h3 51. Ne5+
Kf8 52. Kg6 g4 53. Nd7+ 1-0

[Event "Jiraskuv memorial A"]
[Site "Rakovnik"]
[Date "2011.08.13"]
[Round "9"]
[White "Urban, Tomas"]
[Black "Rozsafny, Michal"]
[Result "1/2-1/2"]
[ECO "A00"]
[WhiteElo "1822"]
[BlackElo "1943"]
[PlyCount "134"]
[EventDate "2011.08.??"]
[EventType "swiss"]
[EventRounds "9"]
[EventCountry "CZE"]
[TimeControl "180"]

{24MB, Fritz8.ctg, sach1} 1. g3 d5 2. Bg2 e5 3. d3 c6 4. Nf3 Bd6 5. c4 d4 6.
O-O Ne7 7. b4 Be6 8. a4 f6 9. Ba3 O-O 10. Nbd2 Ng6 11. Ne4 Be7 12. b5 Bxa3 13.
Rxa3 f5 14. Nc5 Qe7 15. Nxe6 Qxe6 16. Qb3 Nd7 17. Rc1 Rab8 18. Ng5 Qe7 19. c5+
Kh8 20. Ne6 Rf6 21. Ng5 Nxc5 22. Qb4 Nd7 23. Qxe7 Nxe7 24. bxc6 bxc6 25. Raa1
c5 26. Rab1 Rfb6 27. Rxb6 Rxb6 28. Nf7+ Kg8 29. Nd8 Rb8 30. Nc6 Nxc6 31. Bxc6
Rd8 32. Bxd7 Rxd7 33. Rxc5 Re7 34. a5 Kf7 35. f4 e4 36. Rxf5+ Kg6 37. dxe4 Rxe4
38. Rg5+ Kf6 39. Kf2 h6 40. Rd5 Ke6 41. Rd8 Kf6 42. Kf3 Re3+ 43. Kf2 Ra3 44.
Rd6+ Kf5 45. Ra6 Ra2 46. Ke1 Ke4 47. Rxa7 Ra1+ 48. Kf2 g5 49. fxg5 hxg5 50. h3
Ra2 51. Re7+ Kf5 52. Rd7 Ke5 53. h4 gxh4 54. gxh4 Rxa5 55. h5 Ke6 56. Rxd4 Rxh5
57. Ra4 Rf5+ 58. Ke3 Rh5 59. Kd3 Kd6 60. Ra6+ Kd7 61. Kd4 Ke7 62. e4 Rb5 63.
Rh6 Ra5 64. Ke3 Ra3+ 65. Kf4 Ra5 66. e5 Ra1 67. Kf5 Rf1+ 1/2-1/2